 Dungeon Crawl Stone Soup version 0.31-a0-819-gf6de2f5ab6 (webtiles) character file.

Game seed: 3914271145251014367

10591 qw the Skirmisher (level 11, -1/71 HPs)
             Began as a Gargoyle Hunter on Sept 23, 2023.
             Was an Elder of Okawaru.
             Slain by a komodo dragon (13 damage)
             ... on level 11 of the Dungeon.
             The game lasted 00:04:31 (7462 turns).

qw the Skirmisher (Gargoyle Hunter)                 Turns: 7462, Time: 00:04:32

Health: -1/71      AC: 23    Str: 19    XL:     11   Next: 64%
Magic:  15/15      EV: 13    Int: 11    God:    Okawaru [****..]
Gold:   480        SH:  0    Dex: 17    Spells: 10/10 levels left

rFire   + . .        Y - +3 shortbow (flame)
rCold   . . .        (shield currently unavailable)
rNeg    + + .        q - +1 ring mail of Dull Lucidity {rN+ SInv}
rPois   inf          h - +1 helmet "Kemie" {rPois rF+ Regen+}
rElec   +            l - +0 cloak of Inference {Str+5}
rCorr   .            g - +2 pair of gloves
SInv    +            f - +0 pair of boots
Will    .....        (no amulet)
Stlth   +            (no ring)
HPRegen 1.11/turn    (no ring)
MPRegen 0.14/turn

%: no passive effects
@: brilliant, about to teleport
A: sickness immunity, AC +8, negative energy resistance 1, electricity
resistance, torment resistance 1, petrification resistance
a: Renounce Religion, Heroism, Finesse


You were on level 11 of the Dungeon.
You worshipped Okawaru.
Okawaru was greatly pleased with you.
You visited 2 branches of the dungeon, and saw 12 of its levels.

You collected 591 gold pieces.
You spent 111 gold pieces at shops.


Innate Abilities, Weirdness & Mutations

You are immune to sickness and miasma.
Your stone body is resilient. (AC +8)
You are immune to poison.
You resist negative energy. (rN+)
You are resistant to electric shocks. (rElec)
You are resistant to unholy torment.
You are immune to petrification.


   Skills:
 - Level 9.6 Fighting
 - Level 14.0 Ranged Weapons
 + Level 5.4 Armour
 - Level 4.0 Dodging
 - Level 1.1 Stealth
 + Level 5.5 Invocations


You had 10 spell levels left.
You didn't know any spells.
Your spell library was empty.

Inventory:

Hand Weapons
 Y - a +3 shortbow of flaming (weapon)
Armour
 d - a +2 leather armour of fire resistance
 f - a +0 pair of boots (worn)
 g - a +2 pair of gloves (worn)
 h - the +1 helmet "Kemie" (worn) {rPois rF+ Regen+}
   (You acquired it on level 8 of the Dungeon)

   rF+:       It protects you from fire.
   rPois:     It protects you from poison Regen+: It increases your rate of
   health regeneration.
 l - the +0 cloak of Inference (worn) {Str+5}
   (You found it on level 9 of the Dungeon)

   Str+5:     It affects your strength (+5).
 p - +0 acid dragon scales
 q - the +1 ring mail of Dull Lucidity (worn) {rN+ SInv}
   (You found it on level 5 of the Dungeon)

   rN+:       It protects you from negative energy.
   SInv:      It lets you see invisible.
Scrolls
 a - a scroll of teleportation
 b - a scroll of identify
Potions
 c - a potion of haste
 e - 2 potions of mutation
 i - a potion of enlightenment
 j - a potion of cancellation
 k - 4 potions of curing
 m - a potion of heal wounds
 n - 3 potions of might

Dungeon Overview and Level Annotations

Branches:
Dungeon (11/15)            Temple (1/1) D:4            Lair (0/5) D:11
    Orc (0/2) D:11

Altars:
Ashenzari
Cheibriados
Dithmenos
Elyvilon
Fedhas
Gozag
Hepliaklqana
Kikubaaqudgha
Makhleb
Nemelex Xobeh
Okawaru
Qazlal
Ru
Sif Muna
Trog
Uskayaw
Vehumet
Wu Jian
Xom
Yredelemnul
Zin
The Shining One

Shops:
D:2 =**   D:3 ?

Annotations:
D:3 1 runed translucent door, Crazy Yiuf


Message History

You shoot an arrow.
The arrow hits the boulder beetle but does no damage.
The boulder beetle is moderately wounded.
The boulder beetle bites you but does no damage.
The komodo dragon bites you!
You shoot an arrow.
The arrow hits the boulder beetle but does no damage.
The boulder beetle is moderately wounded.
The boulder beetle bites you. The komodo dragon bites you!
You shoot an arrow.
The arrow hits the boulder beetle but does no damage.
The boulder beetle is moderately wounded.
The boulder beetle closely misses you. The komodo dragon barely misses you.
You shoot an arrow.
The arrow hits the boulder beetle but does no damage.
The boulder beetle is moderately wounded.
You shoot an arrow.
The arrow barely misses the boulder beetle.
The boulder beetle bites you. The komodo dragon barely misses you.
You shoot an arrow.
The arrow hits the boulder beetle but does no damage.
The boulder beetle is moderately wounded.
The boulder beetle barely misses you. The komodo dragon misses you.
You shoot an arrow.
The arrow hits the boulder beetle but does no damage.
The boulder beetle is moderately wounded.
The boulder beetle barely misses you. The komodo dragon misses you.
You shoot an arrow.
The arrow hits the boulder beetle but does no damage.
The boulder beetle is moderately wounded.
You shoot an arrow.
The arrow barely misses the boulder beetle.
The boulder beetle bites you! The komodo dragon bites you!
7462 ||| READING 2 scrolls of teleportation.
As you read the scroll of teleportation, it crumbles to dust.
You feel strangely unstable.
You feel like a meek peon again.
The boulder beetle bites you but does no damage.
The komodo dragon bites you!
You die... #. ###### #. ##PPPPP##

#.######.PPPPPP#
#....><#.P....P#
##......PPPl>.P#
#.......P....P#
#.....(..PP.PP#
#.........PPPP#
#.@l.....PPPPP#
#B#####....PPP#
#. #....PPP# ..
#....P# ...
#...# .... ...
#.... #....


You could see a boulder beetle and a komodo dragon.

Vanquished Creatures
  2 two-headed ogres
  A wizard (D:10)
  2 orc knights (D:9)
  Joseph (D:10)
  Maggie (D:9)
  A hornet (D:10)
  Grinder (D:4)
  Sigmund (D:4)
  18 yaks
  3 steam dragons
  Duvessa (D:4)
  2 ice beasts (D:5)
  6 orc warriors
  2 ogres
  3 centaurs
  3 phantoms (D:5)
  2 kobold brigands
  3 bullfrogs
  Blork the orc (D:5)
  3 scorpions
  9 wights
  Dowan (D:4)
  8 killer bees
  2 howler monkeys (D:10)
  6 hounds
  A jelly (D:4)
  4 orc priests
  2 gnoll boudas (D:6)
  3 sleepcaps (D:7)
  3 iguanas
  5 orc wizards
  Robin (D:4)
  12 gnolls
  5 adders
  A white imp (D:8)
  2 dart slugs
  40 orcs
  9 endoplasms
  4 giant cockroaches
  12 goblins
  5 hobgoblins
  2 quokkas
  6 ball pythons
  7 bats
  3 frilled lizards (D:1)
  17 kobolds
  3 rats
230 creatures vanquished.

Notes
Turn   | Place    | Note
-------+----------+-------------------------------------------
     0 | D:1      | qw the Gargoyle Hunter began the quest for the Orb.
     0 | D:1      | Reached XP level 1. HP: 12/12 MP: 1/1
     0 | D:1      | 0 ||| qw: Version: 0.3-a-83-gcd0e7d8
     0 | D:1      | 0 ||| qw: Game counter: 1626
     0 | D:1      | 0 ||| qw: Melee chars always use a shield: true
     0 | D:1      | 0 ||| qw: God list: Okawaru
     0 | D:1      | 0 ||| qw: Allow faded altars: false
     0 | D:1      | 0 ||| qw: Do Orc after clearing Dungeon:15 true
     0 | D:1      | 0 ||| qw: Do second Lair branch before Depths: true
     0 | D:1      | 0 ||| qw: Lair rune preference: random
     0 | D:1      | 0 ||| qw: Goals: Normal
     0 | D:1      | 0 ||| PLANNING D:1-11
   177 | D:1      | Found a faded altar of an unknown god.
   244 | D:1      | Reached XP level 2. HP: 17/17 MP: 2/2
   610 | D:1      | 610 ||| UPGRADING to +0 pair of boots.
   615 | D:1      | 615 ||| READING 2 scrolls labelled HIAFOU IHUU.
   618 | D:1      | 618 ||| READING scroll labelled GIJUUWNI VAOB.
   619 | D:1      | 619 ||| DROPPING scroll of butterflies.
   670 | D:2      | Found Cenaeg's General Store.
   677 | D:2      | 677 ||| SHOPLISTING 2 scrolls of identify (52 gold, have
                  | 35).
   702 | D:2      | Reached XP level 3. HP: 21/21 MP: 3/3
   712 | D:2      | Found Ijiyrhil's Assorted Antiques.
   715 | D:2      | 715 ||| SHOPLISTING 3 scrolls of teleportation (216 gold,
                  | have 35).
   715 | D:2      | 715 ||| SHOPLISTING bronze leather armour (168 gold, have
                  | 35).
   715 | D:2      | 715 ||| BUYING glowing silvery potion (21 gold).
   715 | D:2      | Bought a glowing silvery potion for 21 gold pieces
   715 | D:2      | 715 ||| SHOPLISTING red potion (21 gold, have 14).
   715 | D:2      | 715 ||| SHOPLISTING scroll labelled ROROUS OPUL (24 gold,
                  | have 14).
   715 | D:2      | 715 ||| SHOPLISTING sharpened iron wand (96 gold, have 14).
   728 | D:2      | Reached skill level 5 in Ranged Weapons
   888 | D:2      | Found Veunno's Jewellery Boutique.
   912 | D:2      | 912 ||| SHOPLISTING ring of fire (325 gold, have 14).
   912 | D:2      | 912 ||| SHOPLISTING ring of positive energy (260 gold, have
                  | 14).
   912 | D:2      | 912 ||| SHOPLISTING ring of protection from cold (325 gold,
                  | have 14).
  1380 | D:2      | 1380 ||| UPGRADING to +0 pair of gloves.
  1385 | D:2      | 1385 ||| UPGRADING to +0 ring mail.
  1395 | D:2      | 1395 ||| DROPPING +0 leather armour.
  1396 | D:2      | 1396 ||| DROPPING +6 ring of intelligence.
  1397 | D:2      | 1397 ||| READING scroll labelled GAOBOU YC LERCH.
  1398 | D:2      | 1398 ||| READING scroll labelled ROROUS OPUL.
  1399 | D:2      | 1399 ||| READING scroll labelled NASEIM TUZ XAL.
  1422 | D:3      | Reached skill level 1 in Armour
  1422 | D:3      | Reached XP level 4. HP: 27/27 MP: 4/4
  1425 | D:3      | 1425 ||| STAIRDANCE
  1478 | D:3      | 1478 ||| STAIRDANCE
  1484 | D:2      | Reached skill level 3 in Fighting
  1512 | D:3      | 1512 ||| STAIRDANCE
  1546 | D:3      | 1546 ||| STAIRDANCE
  1559 | D:3      | 1559 ||| STAIRDANCE
  1583 | D:3      | 1583 ||| STAIRDANCE
  1602 | D:3      | 1602 ||| STAIRDANCE
  1991 | D:3      | Found Labe's Magic Scroll Boutique.
  1994 | D:3      | 1994 ||| SHOPLISTING scroll of brand weapon (95 gold, have
                  | 93).
  1994 | D:3      | 1994 ||| BUYING scroll of identify (20 gold).
  1994 | D:3      | Bought a scroll of identify for 20 gold pieces
  1994 | D:3      | 1994 ||| BUYING scroll of identify (20 gold).
  1994 | D:3      | Bought a scroll of identify for 20 gold pieces
  1994 | D:3      | 1994 ||| BUYING scroll of identify (20 gold).
  1994 | D:3      | Bought a scroll of identify for 20 gold pieces
  1994 | D:3      | 1994 ||| BUYING scroll of teleportation (30 gold).
  1994 | D:3      | Bought a scroll of teleportation for 30 gold pieces
  1994 | D:3      | 1994 ||| SHOPLISTING scroll of teleportation (30 gold, have
                  | 3).
  2028 | D:3      | Found a runed translucent door.
  2029 | D:3      | Noticed Crazy Yiuf
  2129 | D:3      | 2129 ||| READING scroll labelled WEURUF JOENOAKK.
  2130 | D:3      | 2130 ||| READING scroll labelled URIANO VOACEWO.
  2131 | D:3      | 2131 ||| READING 4 scrolls of identify.
  2131 | D:3      | 2131 ||| IDENTIFYING glowing silvery potion
  2132 | D:3      | 2132 ||| READING 3 scrolls of identify.
  2132 | D:3      | 2132 ||| IDENTIFYING smoky white potion
  2133 | D:3      | 2133 ||| READING 2 scrolls of identify.
  2133 | D:3      | 2133 ||| IDENTIFYING amethyst potion
  2134 | D:3      | 2134 ||| DROPPING potion of attraction.
  2135 | D:3      | 2135 ||| DROPPING potion of invisibility.
  2177 | D:4      | Found a staircase to the Ecumenical Temple.
  2178 | D:4      | 2178 ||| PLANNING TEMPLE
  2178 | D:4      | 2178 ||| UPGRADING to +0 cloak.
  2183 | D:4      | 2183 ||| READING scroll labelled HUMIAP MIYZAEN.
  2193 | Temple   | Entered the Ecumenical Temple
  2194 | Temple   | 2194 ||| PLANNING OKAWARU WORSHIP
  2218 | Temple   | Became a worshipper of Warmaster Okawaru
  2219 | Temple   | 2219 ||| PLANNING D:1-11
  2294 | D:4      | Reached XP level 5. HP: 32/32 MP: 5/5
  2320 | D:4      | Noticed Dowan
  2321 | D:4      | Noticed Duvessa
  2336 | D:4      | Killed Duvessa
  2336 | D:4      | Reached * piety under Okawaru
  2337 | D:4      | Reached skill level 6 in Ranged Weapons
  2337 | D:4      | Reached XP level 6. HP: 13/37 MP: 6/6
  2338 | D:4      | 2338 ||| INVOKING Heroism.
  2342 | D:4      | Killed Dowan
  2471 | D:4      | Noticed Sigmund
  2474 | D:4      | Killed Sigmund
  2475 | D:4      | Reached XP level 7. HP: 44/44 MP: 7/7
  2476 | D:4      | Noticed Grinder
  2477 | D:4      | 2477 ||| INVOKING Heroism.
  2482 | D:4      | Paralysed by Grinder for 4 turns
  2488 | D:4      | 2488 ||| INVOKING Heroism.
  2491 | D:4      | Killed Grinder
  2492 | D:4      | Reached skill level 7 in Ranged Weapons
  2552 | D:4      | Reached skill level 1 in Invocations
  2626 | D:4      | Noticed Robin
  2627 | D:4      | 2627 ||| INVOKING Heroism.
  2641 | D:4      | Killed Robin
  2663 | D:4      | Reached skill level 8 in Ranged Weapons
  2793 | D:4      | 2793 ||| UPGRADING to +0 helmet.
  2798 | D:4      | 2798 ||| READING scroll labelled URAHUL MIOLU.
  2799 | D:4      | 2799 ||| READING scroll labelled IFEUNU QAGICSI.
  2900 | D:4      | 2900 ||| READING scroll labelled DUNOAWKUCEUPP.
  2901 | D:4      | 2901 ||| DRINKING 2 orange potions.
  2928 | D:4      | 2928 ||| DROPPING potion of lignification.
  2943 | D:5      | Entered Level 5 of the Dungeon
  2971 | D:5      | Reached XP level 8. HP: 49/49 MP: 8/10
  3000 | D:5      | 3000 ||| RETREEAATING.
  3001 | D:5      | 3001 ||| STILL RETREEAATING.
  3002 | D:5      | 3002 ||| STILL RETREEAATING.
  3011 | D:5      | Reached skill level 3 in Invocations
  3023 | D:5      | 3023 ||| INVOKING Heroism.
  3029 | D:5      | Reached skill level 3 in Armour
  3151 | D:5      | Reached ** piety under Okawaru
  3393 | D:5      | Noticed Blork the orc
  3394 | D:5      | 3394 ||| INVOKING Heroism.
  3402 | D:5      | Killed Blork the orc
  3412 | D:5      | Reached skill level 9 in Ranged Weapons
  3540 | D:5      | Identified the +1 ring mail of Dull Lucidity {rN+ SInv}
  3654 | D:5      | Reached skill level 6 in Fighting
  3666 | D:5      | Reached XP level 9. HP: 55/55 MP: 12/12
  3667 | D:5      | 3667 ||| INVOKING Heroism.
  3689 | D:5      | 3689 ||| UPGRADING to +0 robe of cold resistance.
  3699 | D:5      | 3699 ||| DROPPING +0 ring mail.
  3700 | D:5      | 3700 ||| UPGRADING to +1 ring mail of Dull Lucidity {rN+
                  | SInv}.
  3710 | D:5      | 3710 ||| DROPPING +0 robe of cold resistance.
  3711 | D:5      | 3711 ||| READING scroll labelled QOBYLI YF GUF.
  3712 | D:5      | 3712 ||| DRINKING 2 sedimented sapphire potions.
  3713 | D:5      | 3713 ||| READING 2 scrolls of identify.
  3713 | D:5      | 3713 ||| IDENTIFYING emerald potion
  3714 | D:5      | 3714 ||| DROPPING potion of degeneration.
  3755 | D:6      | 3755 ||| STAIRDANCE
  3769 | D:6      | 3769 ||| STAIRDANCE
  3786 | D:6      | 3786 ||| STAIRDANCE
  3855 | D:6      | 3855 ||| INVOKING Heroism.
  3860 | D:6      | 3860 ||| Stepping ~*~*~tactically~*~*~ (retreating).
  3864 | D:6      | 3864 ||| Stepping ~*~*~tactically~*~*~ (retreating).
  3866 | D:6      | 3866 ||| Stepping ~*~*~tactically~*~*~ (retreating).
  3979 | D:6      | 3979 ||| RETREEAATING.
  3980 | D:6      | 3980 ||| STILL RETREEAATING.
  3981 | D:6      | 3981 ||| INVOKING Heroism.
  3983 | D:6      | 3983 ||| STILL RETREEAATING.
  3984 | D:6      | 3984 ||| STILL RETREEAATING.
  3985 | D:6      | 3985 ||| STILL RETREEAATING.
  3990 | D:6      | 3990 ||| Stepping ~*~*~tactically~*~*~ (retreating).
  3992 | D:6      | 3992 ||| Stepping ~*~*~tactically~*~*~ (retreating).
  3993 | D:6      | 3993 ||| Stepping ~*~*~tactically~*~*~ (retreating).
  3994 | D:6      | 3994 ||| Stepping ~*~*~tactically~*~*~ (retreating).
  4000 | D:6      | Reached skill level 10 in Ranged Weapons
  4000 | D:6      | 4000 ||| Stepping ~*~*~tactically~*~*~ (retreating).
  4003 | D:6      | 4003 ||| Stepping ~*~*~tactically~*~*~ (retreating).
  4004 | D:6      | 4004 ||| Stepping ~*~*~tactically~*~*~ (retreating).
  4016 | D:6      | 4016 ||| INVOKING Heroism.
  4293 | D:6      | Found a glowing silver altar of Zin.
  4322 | D:6      | 4322 ||| READING 2 scrolls of enchant armour.
  4322 | D:6      | 4322 ||| ENCHANTING +0 pair of gloves.
  4323 | D:6      | 4323 ||| READING scroll of enchant armour.
  4323 | D:6      | 4323 ||| ENCHANTING +1 pair of gloves.
  4369 | D:6      | 4369 ||| INVOKING Heroism.
  4463 | D:6      | Found a blossoming altar of Fedhas.
  4463 | D:6      | Found a faded altar of an unknown god.
  4471 | D:6      | Found a faded altar of an unknown god.
  4473 | D:6      | Found a glowing golden altar of the Shining One.
  4475 | D:6      | Found a snail-covered altar of Cheibriados.
  4484 | D:6      | 4484 ||| DRINKING 2 red potions.
  4485 | D:6      | 4485 ||| DRINKING 2 sedimented orange potions.
  4591 | D:7      | 4591 ||| INVOKING Heroism.
  4638 | D:7      | 4638 ||| Stepping ~*~*~tactically~*~*~ (retreating).
  4639 | D:7      | 4639 ||| Stepping ~*~*~tactically~*~*~ (retreating).
  4640 | D:7      | 4640 ||| Stepping ~*~*~tactically~*~*~ (retreating).
  4643 | D:7      | 4643 ||| INVOKING Heroism.
  4645 | D:7      | 4645 ||| Stepping ~*~*~tactically~*~*~ (retreating).
  4646 | D:7      | 4646 ||| Stepping ~*~*~tactically~*~*~ (retreating).
  4647 | D:7      | 4647 ||| Stepping ~*~*~tactically~*~*~ (retreating).
  4648 | D:7      | 4648 ||| Stepping ~*~*~tactically~*~*~ (retreating).
  4649 | D:7      | 4649 ||| Stepping ~*~*~tactically~*~*~ (retreating).
  4650 | D:7      | 4650 ||| Stepping ~*~*~tactically~*~*~ (retreating).
  4766 | D:7      | 4766 ||| INVOKING Heroism.
  4839 | D:7      | 4839 ||| INVOKING Heroism.
  4846 | D:7      | Reached skill level 11 in Ranged Weapons
  4922 | D:7      | 4922 ||| READING scroll of enchant weapon.
  4922 | D:7      | 4922 ||| ENCHANTING +1 shortbow of flaming.
  5125 | D:7      | Reached skill level 3 in Dodging
  5255 | D:7      | 5255 ||| READING scroll labelled FITI NARULOKK.
  5287 | D:7      | 5287 ||| READING 3 scrolls of identify.
  5287 | D:7      | 5287 ||| IDENTIFYING fuming brown potion
  5288 | D:7      | 5288 ||| READING 2 scrolls of identify.
  5288 | D:7      | 5288 ||| IDENTIFYING fizzy grey potion
  5323 | D:8      | 5323 ||| INVOKING Heroism.
  5358 | D:8      | Reached XP level 10. HP: 63/63 MP: 13/13
  5439 | D:8      | 5439 ||| RETREEAATING.
  5440 | D:8      | 5440 ||| STILL RETREEAATING.
  5441 | D:8      | 5441 ||| STILL RETREEAATING.
  5442 | D:8      | 5442 ||| STILL RETREEAATING.
  5443 | D:8      | 5443 ||| STILL RETREEAATING.
  5444 | D:8      | 5444 ||| STILL RETREEAATING.
  5445 | D:8      | 5445 ||| STILL RETREEAATING.
  5448 | D:8      | 5448 ||| STILL RETREEAATING.
  5453 | D:8      | 5453 ||| RETREEAATING.
  5459 | D:8      | 5459 ||| INVOKING Heroism.
  5463 | D:8      | 5463 ||| Stepping ~*~*~tactically~*~*~ (retreating).
  5464 | D:8      | 5464 ||| Stepping ~*~*~tactically~*~*~ (retreating).
  5513 | D:8      | 5513 ||| FLEEEEING.
  5516 | D:8      | 5516 ||| STAIRDANCE
  5613 | D:7      | 5613 ||| DRINKING 2 lumpy green potions.
  5831 | D:8      | 5831 ||| READING scroll of enchant weapon.
  5831 | D:8      | 5831 ||| ENCHANTING +2 shortbow of flaming.
  5944 | D:8      | 5944 ||| DROPPING amulet of guardian spirit.
  5945 | D:8      | 5945 ||| READING scroll labelled RACHUT MYGOIR.
  5945 | D:8      | Identified a scroll of acquirement
  5945 | D:8      | 5945 ||| ACQUIRING +1 helmet "Kemie" {rPois rF+ Regen+}
  5945 | D:8      | Acquired the +1 helmet "Kemie" {rPois rF+ Regen+}
  5947 | D:8      | 5947 ||| UPGRADING to +1 helmet "Kemie" {rPois rF+ Regen+}.
  5957 | D:8      | 5957 ||| DROPPING +0 helmet.
  6024 | D:9      | 6024 ||| INVOKING Heroism.
  6029 | D:9      | 6029 ||| Stepping ~*~*~tactically~*~*~ (retreating).
  6030 | D:9      | 6030 ||| Stepping ~*~*~tactically~*~*~ (retreating).
  6031 | D:9      | 6031 ||| Stepping ~*~*~tactically~*~*~ (retreating).
  6041 | D:9      | Reached skill level 12 in Ranged Weapons
  6080 | D:9      | 6080 ||| INVOKING Heroism.
  6154 | D:9      | 6154 ||| INVOKING Heroism.
  6184 | D:9      | 6184 ||| FLEEEEING.
  6194 | D:9      | 6194 ||| INVOKING Heroism.
  6195 | D:9      | 6195 ||| STAIRDANCE
  6209 | D:8      | 6209 ||| READING scroll labelled WAJAIZIAZA.
  6215 | D:9      | 6215 ||| STAIRDANCE
  6294 | D:9      | Identified the +0 cloak of Inference {Str+5}
  6320 | D:9      | Found a burning altar of Makhleb.
  6323 | D:9      | Noticed Maggie
  6449 | D:9      | 6449 ||| Stepping ~*~*~tactically~*~*~ (retreating).
  6514 | D:9      | 6514 ||| UPGRADING to +0 cloak of Inference {Str+5}.
  6524 | D:9      | 6524 ||| DROPPING +0 cloak.
  6556 | D:10     | Entered Level 10 of the Dungeon
  6556 | D:10     | Noticed an orc knight
  6556 | D:10     | Noticed a +4 triple sword
  6556 | D:10     | Noticed a wizard
  6556 | D:10     | Noticed a two-headed ogre
  6557 | D:10     | 6557 ||| INVOKING Heroism.
  6558 | D:10     | 6558 ||| STAIRDANCE
  6558 | D:10     | Noticed an orc knight
  6574 | D:10     | 6574 ||| STAIRDANCE
  6581 | D:9      | 6581 ||| INVOKING Heroism.
  6587 | D:9      | HP: 6/64 [two-headed ogre/+0 giant spiked club (13)]
  6588 | D:9      | 6588 ||| READING 3 scrolls of teleportation.
  6589 | D:9      | 6589 ||| DRINKING 3 potions of heal wounds.
  6591 | D:9      | 6591 ||| DRINKING 2 potions of heal wounds.
  6644 | D:9      | 6644 ||| INVOKING Heroism.
  6652 | D:9      | Killed an orc knight
  6665 | D:10     | 6665 ||| STAIRDANCE
  6678 | D:9      | 6678 ||| INVOKING Heroism.
  6693 | D:9      | Killed an orc knight
  6694 | D:9      | Reached skill level 13 in Ranged Weapons
  6730 | D:10     | Killed a wizard
  6730 | D:10     | Reached *** piety under Okawaru
  6730 | D:10     | Noticed Joseph
  6731 | D:10     | Reached XP level 11. HP: 66/69 MP: 14/14
  6735 | D:10     | 6735 ||| FLEEEEING.
  6736 | D:10     | 6736 ||| STAIRDANCE
  6753 | D:10     | 6753 ||| STAIRDANCE
  6766 | D:10     | 6766 ||| STAIRDANCE
  6779 | D:10     | 6779 ||| STAIRDANCE
  6787 | D:10     | 6787 ||| STAIRDANCE
  6799 | D:10     | 6799 ||| STAIRDANCE
  6824 | D:10     | 6824 ||| STAIRDANCE
  6827 | D:9      | 6827 ||| FLEEEEING.
  6828 | D:9      | 6828 ||| FLEEEEING.
  6829 | D:9      | 6829 ||| FLEEEEING.
  6830 | D:9      | 6830 ||| FLEEEEING.
  6831 | D:9      | 6831 ||| FLEEEEING.
  6833 | D:9      | 6833 ||| INVOKING Heroism.
  6840 | D:9      | Killed a two-headed ogre
  6841 | D:9      | Reached skill level 9 in Fighting
  6859 | D:10     | 6859 ||| STAIRDANCE
  6870 | D:10     | 6870 ||| STAIRDANCE
  6884 | D:10     | Killed Joseph
  6981 | D:10     | 6981 ||| RETREEAATING.
  6988 | D:10     | 6988 ||| Stepping ~*~*~tactically~*~*~ (retreating).
  6996 | D:10     | 6996 ||| Stepping ~*~*~tactically~*~*~ (retreating).
  6997 | D:10     | 6997 ||| Stepping ~*~*~tactically~*~*~ (retreating).
  6998 | D:10     | 6998 ||| Stepping ~*~*~tactically~*~*~ (retreating).
  6999 | D:10     | 6999 ||| Stepping ~*~*~tactically~*~*~ (retreating).
  7000 | D:10     | 7000 ||| Stepping ~*~*~tactically~*~*~ (retreating).
  7001 | D:10     | 7001 ||| Stepping ~*~*~tactically~*~*~ (retreating).
  7002 | D:10     | 7002 ||| Stepping ~*~*~tactically~*~*~ (retreating).
  7003 | D:10     | 7003 ||| Stepping ~*~*~tactically~*~*~ (retreating).
  7004 | D:10     | 7004 ||| Stepping ~*~*~tactically~*~*~ (retreating).
  7005 | D:10     | 7005 ||| Stepping ~*~*~tactically~*~*~ (retreating).
  7032 | D:10     | 7032 ||| FLEEEEING.
  7033 | D:10     | 7033 ||| FLEEEEING.
  7034 | D:10     | 7034 ||| FLEEEEING.
  7035 | D:10     | 7035 ||| FLEEEEING.
  7124 | D:10     | Reached **** piety under Okawaru
  7128 | D:10     | Noticed a two-headed ogre
  7129 | D:10     | 7129 ||| INVOKING Heroism.
  7152 | D:10     | Killed a two-headed ogre
  7217 | D:10     | 7217 ||| INVOKING Heroism.
  7225 | D:10     | Reached skill level 14 in Ranged Weapons
  7279 | D:9      | Killed Maggie
  7418 | D:10     | 7418 ||| DRINKING 2 black potions.
  7419 | D:10     | 7419 ||| DROPPING potion of brilliance.
  7430 | D:11     | Found a staircase to the Orcish Mines.
  7430 | D:11     | Found a staircase to the Lair.
  7438 | D:11     | Noticed a boulder beetle
  7439 | D:11     | 7439 ||| INVOKING Heroism.
  7461 | D:11     | HP: 11/71 [komodo dragon (10)]
  7462 | D:11     | 7462 ||| READING 2 scrolls of teleportation.
  7462 | D:11     | Slain by a komodo dragon

Levels and vault maps discovered:
D:1:      amcnicky_arrival_flooded_fountain, layout_loops_ring,
          nicolae_ecumenical_snake_handling, minivault_23
D:2:      layout_basic, serial_shops, nicolae_shop_peninsula,
          nicolae_shop_pleasant_corner_grove, shop
D:3:      layout_rooms, serial_shops, nicolae_shop_rolled_up,
          uniq_crazy_yiuf_cottage
D:4:      layout_rooms, minmay_temple_entry_wispy, kennysheep_generic_room_16,
          uniq_robin, uniq_sigmund, uniq_grinder, uniq_duvessa
D:5:      layout_basic, uniq_blork_the_orc
D:6:      layout_basic, zin_treasury, chequers_temple_overflow_minitemple
D:7:      layout_basic, hangedman_abyss_or_decor_stabs
D:8:      layout_cave_pools
D:9:      layout_rooms, nicolae_overflow_hidden_temple, uniq_maggie
D:10:     layout_basic, sword_in_stone
D:11:     layout_rooms, david_lair_shrubbed, orc_0_dummy
Temple:   minmay_crystal_spiral_temple

Skill      XL: |  1  2  3  4  5  6  7  8  9 10 11 |
---------------+----------------------------------+-----
Ranged Weapons | 5 6 8 9 11 13 14 | 14.0
Armour         | 1 2 3 4 5 |  5.4
Fighting       | 3 4 5 6 7 8 9 |  9.6
Invocations    | 2 4 5 |  5.5
Dodging        | 2 3 4 |  4.0
Stealth        | |  1.1

Action                     |  1- 3 |  4- 6 |  7- 9 | 10-12 || total
---------------------------+-------+-------+-------+-------++-------
   Fire: Shortbow          |   103 |    78 |   423 |   413 ||  1017
 Invoke: Heroism           |       |     1 |    15 |    13 ||    29
    Use: Scroll            |     5 |     6 |    11 |     5 ||    27
         Potion            |       |       |     4 |     4 ||     8
 Armour: Leather armour    |    36 |       |       |       ||    36
         Ring mail         |       |    37 |   165 |   233 ||   435
  Dodge: Dodged            |    31 |     9 |   158 |   180 ||   378

Table legend:
 A = Non-vault XP
 B = Vault XP
 C = Vault XP percentage of total XP
 D = Non-vault monster count
 E = Vault monster count
 F = Vault count percentage of total count
                 A         B        C        D         E       F
            +---------+---------+-------+---------+---------+-------
      Total |   11470 |    3660 |  24.2 |     202 |      28 |  12.2
            +---------+---------+-------+---------+---------+-------
        D:1 |      27 |       5 |  15.6 |      16 |       4 |  20.0
        D:2 |      58 |       0 |   0.0 |      14 |       0 |   0.0
        D:3 |      61 |       0 |   0.0 |      17 |       0 |   0.0
        D:4 |     194 |     807 |  80.6 |      10 |      18 |  64.3
        D:5 |    1270 |      87 |   6.4 |      30 |       1 |   3.2
        D:6 |     797 |       0 |   0.0 |      23 |       0 |   0.0
        D:7 |    1166 |       0 |   0.0 |      29 |       0 |   0.0
        D:8 |    1717 |       0 |   0.0 |      18 |       0 |   0.0
        D:9 |    2409 |    1645 |  40.6 |      28 |       3 |   9.7
       D:10 |    3771 |    1116 |  22.8 |      17 |       2 |  10.5
            +---------+---------+-------+---------+---------+-------
